 Dungeon Crawl Stone Soup version 0.30.0-5-g1a98f26d00 (webtiles) character file.

Game seed: 9687786420650822019

15480 snarfax the Severer (level 12, -8/112 HPs)
             Began as a Minotaur Fighter on May 8, 2023.
             Mangled by a death yak (14 damage)
             ... on level 3 of the Lair of Beasts.
             The game lasted 00:26:10 (11211 turns).

snarfax the Severer (Minotaur Fighter)             Turns: 11211, Time: 00:26:11

Health: -8/112     AC: 15    Str: 26    XL:     12   Next: 1%
Magic:  0/11       EV: 10    Int:  5    God:
Gold:   570        SH: 14    Dex: 10    Spells: 11/11 levels left

rFire   . . .        i - +0 broad axe
rCold   . . .        P - +0 tower shield
rNeg    . . .        J - +0 plate armour
rPois   .            (helmet restricted)
rElec   .            A - +1 cloak
rCorr   .            (no gloves)
SInv    .            l - +0 pair of boots
Will    .....        H - amulet of guardian spirit Stlth
                     p - +5 ring of evasion
HPRegen 0.38/turn    (no ring)
MPRegen 0.12/turn

%: guardian spirit
@: mighty, hasted, very quick
A: horns 2, retaliatory headbutt
a: no special abilities


You were on level 3 of the Lair of Beasts.
You visited 2 branches of the dungeon, and saw 11 of its levels.

You collected 570 gold pieces.

Inventory:

Hand Weapons
 i - a +0 broad axe (weapon)
 n - a +2 war axe of flaming
Missiles
 C - 27 poisoned darts
 F - 3 datura-tipped darts
 O - a curare-tipped dart (quivered)
Armour
 b - a +0 scale mail
 c - a +1 buckler
 l - a +0 pair of boots (worn)
 o - a +0 kite shield
 y - a +0 chain mail
 A - a +1 cloak (worn)
 J - a +0 plate armour (worn)
 P - a +0 tower shield (worn)
Jewellery
 p - a +5 ring of evasion (left hand)
 E - an amulet of the acrobat
 H - an amulet of guardian spirit (around neck)
Wands
 g - a wand of flame (34)
 I - a wand of acid (11)
 K - a wand of paralysis (8)
 L - a wand of digging (7)
Scrolls
 e - 4 scrolls of teleportation
 f - 4 scrolls of enchant armour
 k - 3 scrolls of vulnerability
 w - 4 scrolls of torment
 z - 5 scrolls of identify
 B - 3 scrolls of magic mapping
 G - a scroll of immolation
 M - a scroll of amnesia
Potions
 a - a potion of magic {unknown}
 h - 3 potions of invisibility
 j - 3 potions of mutation
 m - 4 potions of attraction
 q - 2 potions of haste
 s - a potion of flight
 t - 5 potions of curing
 u - a potion of cancellation {unknown}
 v - 3 potions of lignification
 x - 2 potions of brilliance
 D - a potion of resistance
Miscellaneous
 N - a phantom mirror


   Skills:
 + Level 12.1 Fighting
 - Level 18.0 Axes
 - Level 1.9 Throwing
 + Level 3.8 Armour
 - Level 1.2 Dodging
 - Level 1.1 Stealth
 + Level 9.0 Shields
 - Level 0.3 Evocations


You had 11 spell levels left.
You didn't know any spells.
Your spell library contained the following spells:

 Spells                   Type           Power      Damage    Failure   Level
 Beastly Appendage        Tmut           0%         N/A       100%        1
 Magic Dart               Conj           0%         1d3       100%        1
 Call Imp                 Summ           0%         N/A       100%        2
 Cigotuvi's Dreadful Rot  Necr/Pois/Air  0%         N/A       100%        2
 Ignite Poison            Fire/Tmut/Pois 0%         N/A       100%        3
 Mephitic Cloud           Conj/Pois/Air  0%         N/A       100%        3
 Volatile Blastmotes      Fire/Tloc      0%         2d10      100%        3
 Fulminant Prism          Conj/Hex       0%         3d5       100%        4
 Iskenderun's Mystic Bla  Conj/Tloc      0%         2d3       100%        4
 Freezing Cloud           Conj/Ice/Air   0%         6-21      100%        5
 Lee's Rapid Deconstruct  Erth           0%         3d4*      100%        5


Dungeon Overview and Level Annotations

Branches:
Dungeon (8/15)             Temple (0/1) D:7            Lair (3/5) D:8
  Swamp (0/4) Lair:2        Snake (0/4) Lair:3

Altars:
Ashenzari
Cheibriados
Fedhas
Gozag
Kikubaaqudgha
Makhleb
Ru
Sif Muna
Uskayaw
Vehumet
Zin

Shops:
D:6 (

Annotations:
D:5 2 transporters


Innate Abilities, Weirdness & Mutations

You have a pair of horns on your head.
You reflexively headbutt those who attack you in melee.


Message History

The death yak bellows!
You headbutt the yak!
The yak is heavily wounded.
The yak gores you!
You slash the yak!
The yak is almost dead.
You hit the yak but do no damage.
The yak is almost dead.
The yak gores you but does no damage.
You slice the yak!!
You kill the yak!
You have reached level 12!
You feel stronger.
You feel very mighty all of a sudden.
The yak bellows!
You slash the death yak!
The death yak is lightly wounded.
You slash the yak! You block the death yak's attack. The yak gores you.
You slice the yak!!
The yak is almost dead.
You hit the death yak but do no damage. You slash the death yak!
The death yak gores you! The yak gores you! You block the death yak's attack.
You are too injured to fight recklessly!
You are too injured to fight recklessly!
You are too injured to fight recklessly!
You are too injured to fight recklessly!
You slash the death yak! You headbutt the death yak!
The death yak is heavily wounded.
You slash the death yak! You slash the yak!
You kill the yak!
The death yak gores you! You block the death yak's attack.
You slash the death yak! Your headbutt misses the death yak.
The death yak is severely wounded.
You barely miss the yak. You hit the death yak. The death yak gores you!
The death yak gores you!!
* * * LOW HITPOINT WARNING * * *
You feel yourself speed up. The death yak gores you!
* * * LOW HITPOINT WARNING * * *
The yak gores you but does no damage. The death yak gores you!
You die...

#...... .....♣♣.♣.P♣♣♣P♣
...................♣♣.P.♣♣♣..♣
..... ..............♣♣.♣♣♣..8♣ ..
.............>..♣.♣♣♣♣.♣.
#..................♣♣.♣.)♣♣♣..
...................♣♣.♣♣.♣.♣♣
###........<.........♣P.♣.♣.♣♣♣
#.#..........YYY..........♣♣♣♣§
##............@Y.......♣.P.♣♣§♣
###P......................♣♣♣..♣♣
.##.P........................§...
.................................
.....#.P.##.....[................
P....#.##..##...................P
......#.#####....................
#.##....####.#...................
..######..####..............#.#.#


You could see 2 death yaks and 2 yaks.

Vanquished Creatures
  A hydra (Lair:2)
  Nergalle (Lair:2)
  Pikel (D:7)
  2 black mambas
  A torpor snail (Lair:2)
  A cane toad (Lair:1)
  3 rime drakes
  A kobold demonologist (D:6)
  2 komodo dragons
  A polar bear (Lair:2)
  Grinder (D:5)
  7 spriggans
  2 wyverns
  21 yaks
  A basilisk (Lair:1)
  A warg (D:6)
  5 vampire mosquitoes (Lair:2)
  3 nagas
  5 water moccasins
  Duvessa (D:6)
  A sky beast (D:7)
  An orc warrior (D:6)
  2 black bears
  4 ogres
  7 wolves (Lair:2)
  2 centaurs
  2 phantoms (D:5)
  3 kobold brigands (D:6)
  7 bullfrogs
  3 gnoll sergeants (D:6)
  2 scorpions
  Dowan (D:6)
  9 howler monkeys
  2 jellies (D:7)
  14 hounds
  4 gnoll boudas
  4 orc priests
  2 iguanas (D:5)
  Natasha (thrice) (D:2)
  7 orc wizards
  8 hell rats (Lair:1)
  7 adders
  16 gnolls
  A shadow imp (D:3)
  A white imp (D:5)
  An ufetubus (D:5)
  2 worms (D:2)
  26 orcs
  2 ball pythons
  8 endoplasms
  5 giant cockroaches
  12 goblins
  12 hobgoblins
  10 jackals
  2 quokkas (D:4)
  5 bats
  6 frilled lizards
  15 kobolds
  3 rats
283 creatures vanquished.

Vanquished Creatures (others)
  A howler monkey (D:6)
  A gnoll (D:6)
2 creatures vanquished.

Grand Total: 285 creatures vanquished

Notes
Turn   | Place    | Note
-------+----------+-------------------------------------------
     0 | D:1      | snarfax the Minotaur Fighter began the quest for the Orb.
     0 | D:1      | Reached XP level 1. HP: 19/19 MP: 0/0
   127 | D:1      | Reached skill level 3 in Axes
   244 | D:1      | Reached XP level 2. HP: 10/26 MP: 1/1
   809 | D:2      | Reached skill level 4 in Axes
   921 | D:2      | Reached XP level 3. HP: 31/31 MP: 2/2
   984 | D:2      | Noticed Natasha
   994 | D:2      | Killed Natasha
  1090 | D:2      | Reached skill level 5 in Axes
  1101 | D:2      | Found a faded altar of an unknown god.
  1108 | D:2      | Got Plato's Handbook of Transfiguration
  1184 | D:2      | Noticed Natasha
  1189 | D:2      | Killed Natasha
  1190 | D:2      | Reached XP level 4. HP: 39/39 MP: 3/3
  1333 | D:2      | Noticed Natasha
  1338 | D:2      | Killed Natasha
  1625 | D:3      | Reached skill level 6 in Axes
  1625 | D:3      | Reached XP level 5. HP: 45/45 MP: 4/4
  1647 | D:3      | Reached skill level 1 in Dodging
  1708 | D:3      | Reached skill level 1 in Stealth
  2118 | D:3      | Identified the +0 robe "Pyclug" {rPois rC- Str-2 Slay+4}
  2189 | D:3      | Found a snail-covered altar of Cheibriados.
  2377 | D:4      | Found a radiant altar of Vehumet.
  2404 | D:4      | Found a glowing silver altar of Zin.
  2404 | D:4      | Noticed an angel
  2471 | D:4      | Reached skill level 7 in Axes
  2603 | D:4      | Reached XP level 6. HP: 45/51 MP: 5/5
  2887 | D:4      | You fall into a shaft and drop 2 floors!
  2895 | D:5      | Entered Level 5 of the Dungeon
  2988 | D:5      | Found a transporter.
  2989 | D:5      | Found a transporter.
  3027 | D:5      | Noticed a yak
  3048 | D:5      | Noticed a two-headed ogre
  3056 | D:5      | Found a broken altar of Ashenzari.
  3056 | D:5      | Found a shimmering blue altar of Sif Muna.
  3057 | D:5      | Found a blossoming altar of Fedhas.
  3149 | D:5      | Reached skill level 8 in Axes
  3191 | D:5      | Reached XP level 7. HP: 55/57 MP: 6/6
  3229 | D:5      | Reached skill level 9 in Axes
  3867 | D:5      | Noticed Grinder
  3871 | D:5      | Killed Grinder
  3872 | D:5      | Reached skill level 10 in Axes
  4383 | D:6      | Reached skill level 11 in Axes
  4383 | D:6      | Reached XP level 8. HP: 64/64 MP: 7/7
  4534 | D:6      | Noticed Duvessa
  4540 | D:6      | Noticed Dowan
  4544 | D:6      | Killed Duvessa
  4552 | D:6      | Killed Dowan
  4553 | D:6      | Reached skill level 12 in Axes
  4650 | D:6      | Found a sacrificial altar of Ru.
  4656 | D:6      | Found an opulent altar of Gozag.
  4930 | D:6      | Reached skill level 13 in Axes
  5001 | D:6      | Reached XP level 9. HP: 40/73 MP: 8/8
  5177 | D:6      | Found Makol's Weapon Boutique.
  5252 | D:6      | Reached skill level 5 in Fighting
  5261 | D:6      | Noticed a kobold demonologist
  5272 | D:6      | Noticed a soul eater
  5280 | D:6      | Killed a kobold demonologist
  5286 | D:6      | Reached skill level 1 in Throwing
  5355 | D:6      | Reached skill level 14 in Axes
  5915 | D:6      | Found an ancient bone altar of Kikubaaqudgha.
  6049 | D:7      | Reached skill level 5 in Shields
  6202 | D:7      | Found a burning altar of Makhleb.
  6214 | D:7      | Reached skill level 15 in Axes
  6239 | D:7      | Reached XP level 10. HP: 58/86 MP: 6/9
  6329 | D:7      | Noticed Pikel
  6347 | D:7      | Killed Pikel
  6498 | D:7      | Paralysed by a gnoll for 5 turns
  6744 | D:7      | Found a hide-covered altar of Uskayaw.
  6793 | D:7      | Found a staircase to the Ecumenical Temple.
  7209 | D:8      | Found a staircase to the Lair.
  7221 | Lair:1   | Entered Level 1 of the Lair of Beasts
  7244 | Lair:1   | Reached skill level 16 in Axes
  7373 | Lair:1   | Noticed a cane toad
  7380 | Lair:1   | Killed a cane toad
  7858 | Lair:1   | Noticed a black mamba
  7864 | Lair:1   | Killed a black mamba
  7865 | Lair:1   | Reached XP level 11. HP: 56/97 MP: 7/10
  7928 | Lair:1   | Reached skill level 17 in Axes
  8681 | Lair:2   | Found a staircase to the Swamp.
  8837 | Lair:2   | Reached skill level 10 in Fighting
  9101 | Lair:2   | Noticed a five-headed hydra
  9121 | Lair:2   | Killed a one-headed hydra
  9438 | Lair:2   | Noticed Nergalle
  9456 | Lair:2   | Killed Nergalle
  9618 | Lair:2   | Reached skill level 18 in Axes
 10083 | Lair:3   | Found a staircase to the Snake Pit.
 10711 | Lair:3   | Noticed a death yak
 10728 | Lair:3   | Noticed a death yak
 10729 | Lair:3   | Noticed a death yak
 11205 | Lair:3   | Reached XP level 12. HP: 80/112 MP: 7/11
 11211 | Lair:3   | Mangled by a death yak

Illustrated notes

Levels and vault maps discovered:
D:1:      saegor_arrival_fortress, layout_loops_ring
D:2:      layout_basic, shapermc_ecumenical_altar_rom_forum,
          kennysheep_generic_room_11, uniq_natasha
D:3:      layout_loops_ring, mainiacjoe_overflow_surrounded_room
D:4:      layout_basic, zin_angel, vehumet_crystals
D:5:      corexii_shantytown, layout_basic, gammafunk_temple_overflow_arena,
          uniq_grinder
D:6:      lemuel_castle_with_subvaults [lemuel_castle_interior_carwin_2],
          layout_basic, kiku_gazebo_garden_becter, mainiacjoe_overflow_paths,
          mainiacjoe_overflow_tiny_flanked, serial_shops,
          nicolae_shop_bloodbath_and_beyond, uniq_duvessa
D:7:      layout_basic, mainiacjoe_overflow_catch_the_wave,
          minmay_temple_entry_mini_moons, serial_rivers,
          chequers_serial_rivers_small_3, chequers_serial_rivers_micro_d,
          chequers_serial_rivers_micro_b, chequers_serial_rivers_micro_c,
          chequers_serial_rivers_micro_d, chequers_serial_rivers_small_3,
          minmay_stone_trees_small, uniq_pikel
D:8:      layout_layer_cave, general_overflow_altar, lair_entry_dummy
Lair:1:   layout_regular_city, chequers_serial_rivers_small_a
Lair:2:   layout_cave_pods, minmay_swamp_entry_swarm, forest_entry_grove,
          uniq_nergalle
Lair:3:   layout_layer_cave, nicolae_snake_entry_squirm, wad_woods_01,
          infiniplex_staircase_pool_2

Skill      XL: |  1  2  3  4  5  6  7  8  9 10 11 |
---------------+----------------------------------+-----
Axes           | 3 4 5 6 7 8 11 13 15 16 18 | 18.0
Dodging        | 1 |  1.2
Stealth        | 1 |  1.1
Fighting       | 4 7 9 12 | 12.1
Shields        | 4 5 6 9 |  9.0
Throwing       | 1 |  1.9
Armour         | |  3.8
Evocations     | |  0.3

Action                     |  1- 3 |  4- 6 |  7- 9 | 10-12 || total
---------------------------+-------+-------+-------+-------++-------
  Melee: War axe           |    66 |    92 |    43 |     7 ||   208
         Headbutt          |     6 |    11 |    36 |    72 ||   125
         Broad axe         |       |       |   259 |   328 ||   587
  Throw: Dart              |       |       |    20 |    11 ||    31
  Evoke: Wand              |       |       |       |     3 ||     3
    Use: Scroll            |     1 |     8 |    11 |     2 ||    22
         Potion            |       |       |     2 |     7 ||     9
 Armour: Scale mail        |    29 |    27 |       |       ||    56
         Chain mail        |       |     8 |   129 |       ||   137
         Plate armour      |       |       |     4 |    80 ||    84
  Dodge: Dodged            |    16 |    27 |    88 |   110 ||   241
  Block: Buckler           |    15 |    20 |    35 |       ||    70
         Kite shield       |       |       |    23 |    89 ||   112
         Tower shield      |       |       |       |    63 ||    63
